 Dungeon Crawl Stone Soup version 0.29-a0-486-ga88943ba61 (console) character file.

Game seed: 17186065937375691342

301 Faeu the Covert (level 6, 0/35 HPs)
             Began as a Vampire Gladiator on May 26, 2022.
             Slain by an orc
             ... wielding a +0 hand axe
              (4 damage)
             ... on level 4 of the Dungeon.
             The game lasted 00:07:10 (2072 turns).

Faeu the Covert (Vampire Gladiator)                 Turns: 2072, Time: 00:07:11

Health: 0/35       AC:  7    Str: 13    XL:     6   Next: 14%
Magic:  6/6        EV: 13    Int: 10    God:
Gold:   165        SH:  0    Dex: 18    Spells: 5/5 levels left

rFire   . . .      SeeInvis +   a - +0 rapier {short}
rCold   + + .      Faith    .   (no shield)
rNeg    + + +      Spirit   .   o - +0 robe
rPois   ∞          Reflect  .   c - +0 helmet
rElec   .          Harm     .   (no cloak)
rCorr   .          Rampage  .   (no gloves)
Will    .....                   (no boots)
Stlth   ++++++....              (no amulet)
HPRegen 0.00/turn               k - +4 ring of protection
MPRegen 0.10/turn               l - +4 ring of slaying

@: bloodless, inhibited regen
A: bloodless, fangs 3, see invisible, vampiric 2
a: Bat Form, Revivify


You were on level 4 of the Dungeon.
You visited 1 branch of the dungeon, and saw 4 of its levels.

You collected 165 gold pieces.


Innate Abilities, Weirdness & Mutations

You do not regenerate when monsters are visible.
You are frail without blood (-20% HP).
You can heal yourself when you bite living creatures.
You are immune to poison.
You have razor-sharp teeth.
You have supernaturally acute eyesight. (SInv)
You are afflicted with vampirism and can become a bat while bloodless.


   Skills:
 - Level 1.7 Fighting
 + Level 4.5 Short Blades
 - Level 1.5 Throwing
 - Level 3.2 Dodging
 + Level 8.5 Stealth
 + Level 0.0 Hexes
 + Level 0.2 Necromancy


You had 5 spell levels left.
You didn't know any spells.
Your spell library contained the following spells:

 Spells                   Type           Power      Damage    Failure   Level
 Necrotize                Necr           0%         1d4       34%         1
 Apportation              Tloc           0%         N/A       36%         1
 Summon Small Mammal      Summ           0%         N/A       36%         1
 Vampiric Draining        Necr           0%         2d6       71%         3
 Agony                    Necr           0%         N/A       100%        5

Inventory:

Hand Weapons
 a - a +0 rapier (weapon) {short}
 m - a +0 hunting sling of freezing {sling}
   (You found it on level 2 of the Dungeon)
Missiles
 d - 3 throwing nets (quivered) {=f!fthrowing}
 e - a javelin {throwing}
 j - 21 stones {throwing}
 r - 3 atropa-tipped darts {throwing}
 t - 2 boomerangs {throwing}
Armour
 b - a +0 leather armour
 c - a +0 helmet (worn)
 n - a +0 plate armour
   (You found it on level 2 of the Dungeon)
 o - a +0 robe (worn)
   (You found it on level 3 of the Dungeon)
 p - a +0 chain mail
   (You found it on level 3 of the Dungeon)
 u - a +0 scale mail
   (You took it off an orc on level 3 of the Dungeon)
 v - a +0 scale mail
   (You took it off an orc on level 3 of the Dungeon)
 w - a +0 chain mail
   (You took it off an orc on level 3 of the Dungeon)
 x - a +0 robe
   (You took it off an orc wizard on level 3 of the Dungeon)
 y - a +0 ring mail
   (You found it on level 4 of the Dungeon)
Jewellery
 k - a +4 ring of protection (left hand)
   (You took it off a kobold on level 2 of the Dungeon)
 l - a +4 ring of slaying (right hand)
   (You found it on level 2 of the Dungeon)
 s - a +4 ring of slaying
   (You found it on level 3 of the Dungeon)
Wands
 q - a wand of iceblast (10)
   (You found it on level 3 of the Dungeon)
Scrolls
 f - 3 scrolls of identify {unknown}
 h - 4 scrolls of teleportation {unknown}
Potions
 g - a potion of ambrosia {unknown}
 i - 2 potions of flight {unknown}

Dungeon Overview and Level Annotations

Branches:
Dungeon (4/15)
 Temple: D:4-7

Altars:
Elyvilon
The Shining One

Shops:
D:3

( !.. .# .... .#
....#####.# #........#
########## #+##+#
#..J..l..# #.....)...
...... #........#
#.######## ......
#....oS..# #.# ......##
#(....@$.# #.# #......#
#......).#.#.#.#
.......##
#........#.#.#.#
o.......#
##'#####.#.#.#.#
..#####.## #.# #.#.#.#.#
#..# #.# #.#.#.#.#
##.###.#####.#.....####
##..##.##.............#
#...##.##.............##
#....#.##..##.#.##.#...#
#....#.##..####..##....#


You could see an iguana, an adder, an orc and an endoplasm.


Message History

Unknown command.
You are now empty-handed.
a - a +0 rapier (weapon)
{short} A hobgoblin zombie comes into view.
The hobgoblin zombie closely misses you.
You puncture the hobgoblin zombie! The hobgoblin zombie hits you. 😕 HP[-3]
You take 3 damage, and now have 32/35 hp.
You hit the hobgoblin zombie.
You destroy the hobgoblin zombie!
An adder comes into view. 😕 HP[+1]
An adder is nearby!
An adder is nearby!
The adder falls through a shaft!
The shaft crumbles and collapses.
HP restored.
A hobgoblin comes into view. 😎 HP[+2]
A hobgoblin is nearby!
A hobgoblin is nearby!
A hobgoblin is nearby!
A hobgoblin is nearby!
A hobgoblin is nearby!
The hobgoblin shouts!
The hobgoblin hits you but does no damage.
You hit the hobgoblin. The hobgoblin hits you. 😕 HP[-4]
You take 4 damage, and now have 31/35 hp.
You hit the hobgoblin.
You kill the hobgoblin!
You see here a hobgoblin corpse.
y - a +0 ring mail A giant cockroach comes into view.
The giant cockroach moves out of view.
No target in view! 😎 HP[+4] No target in view!
A giant cockroach is nearby!
A giant cockroach is nearby!
A giant cockroach is nearby!
You puncture the giant cockroach!
You kill the giant cockroach!
There is a glowing golden altar of the Shining One here.
An endoplasm comes into view.
An endoplasm is nearby!
An endoplasm is nearby!
An endoplasm is nearby!
The endoplasm quivers.
An endoplasm is nearby!
You hit the endoplasm but do no damage. You punch the endoplasm.
The endoplasm freezes you.
You are frozen.
You resist.
An endoplasm is nearby!
You puncture the endoplasm!
You kill the endoplasm!
You now have 165 gold pieces (gained 9).
An orc comes into view. It is wielding a +0 club.
You see here a scroll labelled AZORUF RIEMOCOY. 2 orc wizards come into view.
You see here a scroll labelled AZORUF RIEMOCOY.
f - 3 scrolls labelled AZORUF RIEMOCOY (gained 1)
You open the door.
An orc comes into view. It is wielding a +0 hand axe.
An adder comes into view.
There is an open door here.
You catch the helpless ogre completely off-guard!
You bite the ogre, and draw its blood! You puncture the ogre!
You bite the ogre.
The ogre hits you with a +0 giant spiked club!
The orc shouts! 😮 HP[-9]
You take 9 damage, and now have 26/35 hp.
MASSIVE DAMAGE!! (PAUSE)
You hit the ogre.
You hear an angry hiss.
An iguana comes into view.
An endoplasm comes into view.
The ogre hits you with a +0 giant spiked club!
* * * LOW HITPOINT WARNING * * *
The adder hisses angrily. 😨 HP[-10]
You take 10 damage, and now have 16/35 hp.
MASSIVE DAMAGE!! (PAUSE)
You hit the ogre. The orc hits you but does no damage.
You hit the ogre.
The ogre hits you with a +0 giant spiked club.
* * * LOW HITPOINT WARNING * * *
The orc misses you. 😨 HP[-6]
You take 6 damage, and now have 10/35 hp.
You barely miss the ogre. You bite the ogre.
You draw the ogre's blood!
You feel better. The adder bites you but does no damage. The orc misses you.
The ogre hits you with a +0 giant spiked club!
* * * LOW HITPOINT WARNING * * *
The adder misses you. 😱 HP[-6]
You take 6 damage, and now have 4/35 hp.
You puncture the ogre!
You kill the ogre!
The orc hits you with a +0 hand axe.
You die...

Skill      XL: |  1  2  3  4  5 |
---------------+----------------+-----
Stealth        | 2 4 6 7 8 |  8.5
Short Blades   | 4 |  4.5
Fighting       | |  1.7
Throwing       | |  1.5
Dodging        | |  3.2
Necromancy     | |  0.2

Action                   |  1- 3 |  4- 6 || total
-------------------------+-------+-------++-------
Melee: Rapier            |    65 |    69 ||   134
       Punch             |     1 |     1 ||     2
       Bite              |     3 |     4 ||     7
 Abil: Exsanguinate      |     1 |       ||     1
 Stab: Sleeping          |     6 |    14 ||    20
       Distracted        |     3 |     1 ||     4
Armor: Leather armour    |    21 |     6 ||    27
       Robe              |       |     9 ||     9
Dodge: Dodged            |    27 |    23 ||    50

Levels and vault maps discovered:
D:1:      lemuel_arrival_broad_hall, layout_loops_cross, serial_park_tiny_2
D:2:      layout_basic, hellmonk_ecumenical_altar_leap_of_faith
D:3:      layout_basic, mainiacjoe_overflow_brackets, serial_shops,
          nicolae_shop_temple_entry_statues_fountains, minmay_tree_intersection,
          chequers_mini_garden
D:4:      layout_basic, nicolae_tso_besieged_by_evil

Notes
Turn   | Place    | Note
-------+----------+-------------------------------------------
     0 | D:1      | Faeu the Vampire Gladiator began the quest for the Orb.
     0 | D:1      | Reached XP level 1. HP: 16/16 MP: 1/1
     0 | D:1      | magus.rc [v1.9.6]
    49 | D:1      | Reached skill level 1 in Stealth
    78 | D:1      | Reached skill level 2 in Stealth
    88 | D:1      | You fall into a shaft and drop 1 floor!
   106 | D:2      | Reached XP level 2. HP: 21/22 MP: 2/2
   134 | D:2      | Reached skill level 3 in Stealth
   352 | D:2      | Reached skill level 4 in Stealth
   428 | D:2      | Gained mutation: You are afflicted with vampirism and can
                  | become a bat while bloodless. [Vampire growth]
   428 | D:2      | Reached XP level 3. HP: 21/21 MP: 3/3
   567 | D:2      | Reached skill level 5 in Stealth
   593 | D:2      | Found a faded altar of an unknown god.
   835 | D:3      | Reached skill level 6 in Stealth
   835 | D:3      | Reached XP level 4. HP: 26/26 MP: 4/4
   836 | D:3      | Found Zykhleux's Weapon Shop.
   891 | D:3      | You pick up a book of Cantrips and begin reading...
   891 | D:3      | You add the spells Necrotize, Summon Small Mammal and
                  | Apportation to your library.
  1135 | D:3      | Reached skill level 7 in Stealth
  1553 | D:3      | Reached XP level 5. HP: 30/30 MP: 5/5
  1685 | D:4      | Noticed an ogre
  1808 | D:4      | Reached skill level 4 in Short Blades
  1835 | D:4      | Reached skill level 8 in Stealth
  1836 | D:4      | Reached XP level 6. HP: 35/35 MP: 6/6
  1852 | D:4      | You pick up a book of Necromancy and begin reading...
  1852 | D:4      | You add the spells Vampiric Draining and Agony to your
                  | library.
  2071 | D:4      | HP: 4/35 [ogre/+0 giant spiked club (8)]
  2072 | D:4      | Slain by an orc

Vanquished Creatures
  An ogre (D:4)
  A scorpion (D:4)
  A crimson imp (D:4)
  An orc priest (D:3)
  A hound (D:4)
  An orc wizard (D:3)
  6 adders
  2 worms
  2 dart slugs (D:2)
  6 orcs
  4 bats
  3 endoplasms
  A giant cockroach (D:4)
  6 goblins
  4 hobgoblins
  A ball python (D:2)
  3 frilled lizards
  A goblin skeleton (D:4)
  A goblin zombie (D:4)
  5 hobgoblin zombies (D:4)
  3 kobolds (D:2)
  A kobold zombie (D:4)
  2 orc skeletons (D:4)
  An orc zombie (D:4)
  9 rats
67 creatures vanquished.

Table legend:
 A = Non-vault XP
 B = Vault XP
 C = Vault XP percentage of total XP
 D = Non-vault monster count
 E = Vault monster count
 F = Vault count percentage of total count
                 A         B        C        D         E       F
            +---------+---------+-------+---------+---------+-------
      Total |     497 |      59 |  10.6 |      55 |      12 |  17.9
            +---------+---------+-------+---------+---------+-------
        D:1 |       8 |       0 |   0.0 |       6 |       0 |   0.0
        D:2 |      62 |       0 |   0.0 |      22 |       0 |   0.0
        D:3 |     154 |       0 |   0.0 |      19 |       0 |   0.0
        D:4 |     273 |      59 |  17.8 |       8 |      12 |  60.0
            +---------+---------+-------+---------+---------+-------

Illustrated notes

Table legend:
 A = Kills in this place as a percentage of kills in entire the game.
 B = Kills by you in this place as a percentage of kills by you in the entire game.
 C = Kills by friends in this place as a percentage of kills by friends in the entire game.
 D = Other kills in this place as a percentage of other kills in the entire game.
 E = Experience gained in this place as a percentage of experience gained in the entire game.
 F = Experience gained in this place divided by the number of levels of this place that you have seen.
                   A       B       C       D       E      F
               +-------+-------+-------+-------+-------+----------------------
         Total | 100.0 | 100.0 |   N/A |   N/A | 100.0 | 139.0
       Dungeon | 100.0 | 100.0 |   N/A |   N/A | 100.0 | 139.0
               +-------+-------+-------+-------+-------+----------------------

Table legend: (Time is in decaauts)
 A = Elapsed time spent in this place.
 B = Non-inter-level travel time spent in this place.
 C = Inter-level travel time spent in this place.
 D = Time resting spent in this place.
 E = Time spent auto-exploring this place.
 F = Levels seen in this place.
 G = Mean time per level.
                   A        B        C        D        E       F      G
               +--------+--------+--------+--------+--------+-----+--------+
         Total |   2073 |   2038 |     35 |      0 |   1441 |   4 |  518.2 |
       Dungeon |   2073 |   2038 |     35 |      0 |   1441 |   4 |  518.2 |
               +--------+--------+--------+--------+--------+-----+--------+

Top non-repeatable levels by time:
     D:3: 993 daAuts
     D:2: 668 daAuts
     D:4: 323 daAuts
     D:1: 88 daAuts
